 Dungeon Crawl Stone Soup version 0.31-a0-889-g1a8549509d (webtiles) character file.

Game seed: 18415364730895383925

666 Xavori the Sneak (level 7, -4/43 HPs)
             Began as an Octopode Chaos Knight on Oct 17, 2023.
             Was a Plaything of Xom.
             Slain by an ogre
             ... wielding a +0 giant club
              (19 damage)
             ... on level 5 of the Dungeon.
             The game lasted 00:04:37 (12417 turns).

Xavori the Sneak (Octopode Chaos Knight)           Turns: 12417, Time: 00:04:38

Health: -4/43      AC:  1    Str: 14    XL:     7   Next: 57%
Magic:  16/16      EV: 13    Int: 18    God:    Xom [......]
Gold:   1050       SH:  0    Dex: 11    Spells: 6/6 levels left

rFire   . . .        a - +0 short sword (chaos)
rCold   + . .        (no shield)
rNeg    . . .        (helmet restricted)
rPois   .            u - amulet of regeneration
rElec   .            k - ring of magical power
rCorr   .            v - ring of willpower
SInv    +            (no ring)
Will    +....        (no ring)
Stlth   ++++         (no ring)
HPRegen 1.07/turn    (no ring)
MPRegen 0.15/turn    (no ring)
                     (no ring)

%: no passive effects
@: no status effects
A: almost no armour, amphibious, 8 rings, camouflage 1, gelatinous body 1,
(nimble swimmer 1), tentacles, tentacle spike 1, see invisible, clever 1, cold
resistance 1, frail 1, sense surroundings 1, screaming 1, strong 1, wild magic
1, MP-powered wands, noise suppression
a: Renounce Religion


You were on level 5 of the Dungeon.
You worshipped Xom.
You were a very special plaything of Xom.
You visited 1 branch of the dungeon, and saw 5 of its levels.
You also visited: Sewer.

You collected 1134 gold pieces.
You spent 84 gold pieces at shops.

Inventory:

Hand Weapons
 a - a +0 short sword of chaos (weapon)
Jewellery
 k - a ring of magical power (left tentacle)
 u - an amulet of regeneration (around mantle)
 v - a ring of willpower (right tentacle)
Talismans
 c - a serpent talisman
Wands
 o - a wand of paralysis (2)
 q - a wand of flame (5)
 t - a wand of digging (8)
Scrolls
 b - a scroll of butterflies
 e - a scroll of identify
 f - 2 scrolls of summoning {unknown}
 i - 2 scrolls of amnesia {unknown}
 j - a scroll of fog {unknown}
 l - a scroll of enchant armour {unknown}
 n - 2 scrolls of teleportation
 r - a scroll of immolation
Potions
 d - 2 potions of enlightenment {unknown}
 g - 2 potions of curing {unknown}
 h - a potion of ambrosia {unknown}


   Skills:
 + Level 4.2 Fighting
 + Level 4.8 Short Blades
 + Level 3.2 Dodging
 + Level 6.0 Stealth
 * Level 2.1 Evocations
 * Level 2.6 Shapeshifting


You had 6 spell levels left.
You didn't know any spells.
Your spell library contained the following spells:

 Spells                   Type           Power      Damage    Failure   Level
 Freeze                   Ice            0%         1d3       30%         1
 Frozen Ramparts          Ice            0%         1d1       63%         3
 Hailstorm                Conj/Ice       0%         3d3       63%         3
 Ozocubu's Armour         Ice            0%         N/A       63%         3
 Ozocubu's Refrigeration  Ice            0%         4d7       100%        7


Dungeon Overview and Level Annotations

Branches:
Dungeon (5/15)             Temple (0/1) D:5           Sewer (visited)

Altars:
Dithmenos
Gozag
Trog
Xom

Shops:
D:4 [*


Innate Abilities, Weirdness & Mutations

You cannot wear most types of armour.
You are amphibious.
You can wear up to eight rings at the same time.
Your skin changes colour to match your surroundings (Stealth+).
Your rubbery body absorbs attacks. (AC +1, EV +1)
((You are camouflaged when in or above water. (Stealth+)))
You have tentacles for arms and can constrict up to eight enemies at once.
One of your tentacles bears a spike.
You have supernaturally acute eyesight. (SInv)
Your mind is acute. (Int +4, Str/Dex -1)
Your flesh is cold resistant. (rC+)
You are frail. (-10% HP)
You passively map a small area around you.
You occasionally shout uncontrollably at your foes.
Your muscles are strong. (Str +4, Int/Dex -1)
Your spells are a little harder to cast, but a little more powerful.
You expend magic power (3 MP) to strengthen your wands.
You passively dampen the noise of your surroundings.


Message History

Found a staircase to the Ecumenical Temple.
A centaur comes into view.
Found 6 gold pieces.
Found a stone staircase leading down.
An ogre comes into view. It is wielding a +0 giant club.
An ice beast comes into view.
The ogre completely misses you.
The helpless centaur fails to defend itself.
You puncture the centaur!
The centaur looks as sick as possible!
You pierce the centaur.
You squeeze the centaur, but do no damage.
The centaur is severely wounded.
The centaur hits you but does no damage.
The centaur barely misses you.
You hit the centaur.
You pierce the centaur, but do no damage.
You squeeze the centaur.
The centaur is almost dead.
The centaur closely misses you. x2; The ogre hits you with a +0 giant club!
Unknown command.
You hit the centaur but do no damage. You drain the centaur.
You kill the centaur!
Your Stealth skill increases to level 6!
Your Evocations skill increases to level 2!
You hit the ogre.
The ogre is lightly wounded.
The ogre hits you with a +0 giant club!!
Unknown command.
Unknown command.
You are too injured to fight recklessly!
Unknown command.
You are too injured to fight recklessly!
There are monsters nearby!
You barely miss the ogre.
The ogre is lightly wounded.
You hit the ogre but do no damage.
You pierce the ogre, but do no damage.
The ogre is lightly wounded.
The ogre hits you with a +0 giant club!!
You die...
Xom howls with laughter!

...... * * #.....
####### * #.....
,,.....#### * #.....##*
#.##....# *
,#.###.#####.##.##$##* .
###...#...#.........##Y.
.#....#.#..............#
#.....#.###..⌠...⌠..#
#....##.#*#.....@O..# *
#...###.#......>.).....#
,*
.###.##.#.#.........##.#
* #...#.#...#..⌠...⌠..#
* ....#.###.............
....# # #.#.........#..
...## #>##.##.##.##...
..## # .....# .., ##*
##.# * *


You could see an ice beast (asleep) and an ogre.

Vanquished Creatures
  A centaur (D:5)
  2 ogres
  A bullfrog (Sewer)
  A scorpion (D:4)
  A jelly (Sewer)
  An orc wizard (D:3)
  Ijyb (D:4)
  An iron imp (D:5)
  11 adders
  A worm (D:2)
  3 dart slugs
  2 orcs (D:3)
  8 endoplasms
  11 giant cockroaches
  7 goblins
  3 hobgoblins
  7 jackals (D:4)
  8 quokkas
  3 ball pythons
  7 bats
  10 frilled lizards
  3 kobolds
  6 rats
99 creatures vanquished.

Notes
Turn   | Place    | Note
-------+----------+-------------------------------------------
     0 | D:1      | Xavori the Octopode Chaos Knight began the quest for the
                  | Orb.
     0 | D:1      | Reached XP level 1. HP: 16/16 MP: 1/1
   182 | D:1      | Found a faded altar of an unknown god.
   197 | D:1      | Reached XP level 2. HP: 19/21 MP: 2/2
   264 | D:1      | XOM: divination: detect items
   317 | D:1      | XOM: potion effect (might)
   326 | D:1      | XOM: divination: detect creatures
   762 | D:1      | XOM: silly message
   951 | D:1      | XOM: silly message
  2220 | D:1      | XOM: give mutation
  2220 | D:1      | Gained mutation: Your spells are a little harder to cast,
                  | but a little more powerful. [Xom's mischief]
  2555 | D:1      | XOM is BORED!
  2727 | D:1      | XOM: summons 2 hostile demons
  3247 | D:1      | XOM: noise
  3889 | D:1      | XOM: silly message
  4004 | D:1      | XOM is BORED!
  4436 | D:1      | XOM: give mutation
  4436 | D:1      | Gained mutation: You sometimes lose your temper in combat.
                  | [Xom's mischief]
  5264 | D:1      | XOM: summons 4 hostile shadow creatures
  5265 | D:1      | XOM: smoke on damage
  6083 | D:1      | XOM: summons 2 hostile demons
  7161 | D:1      | XOM: stat loss: -1 Str (10/11)
  7348 | D:1      | XOM: give mutations
  7348 | D:1      | Gained mutation: One of your tentacles bears a spike.
                  | [Xom's mischief]
  7348 | D:1      | Gained mutation: You occasionally lose the ability to read
                  | scrolls when taking damage. [Xom's mischief]
  7348 | D:1      | Lost mutation: You sometimes lose your temper in combat.
                  | [Xom's mischief]
  7348 | D:1      | Gained mutation: Your mind is acute. (Int +4, Str/Dex -1)
                  | [Xom's mischief]
  7596 | D:1      | XOM: silly message
  7601 | D:1      | XOM: give mutations
  7601 | D:1      | Lost mutation: Your spells are a little harder to cast, but
                  | a little more powerful. [Xom's mischief]
  7601 | D:1      | Gained mutation: Your muscles are strong. (Str +4, Int/Dex
                  | -1) [Xom's mischief]
  7601 | D:1      | Gained mutation: You have supernaturally acute eyesight.
                  | (SInv) [Xom's mischief]
  7653 | D:1      | XOM: give mutations
  7653 | D:1      | Gained mutation: One of your tentacles bears a nasty spike.
                  | [Xom's mischief]
  7653 | D:1      | Gained mutation: You are frail. (-10% HP) [Xom's mischief]
  7653 | D:1      | Lost mutation: You occasionally lose the ability to read
                  | scrolls when taking damage. [Xom's mischief]
  8119 | D:1      | XOM: smoke on damage
  8119 | D:1      | XOM: torment (10/18 hp)
  8165 | D:1      | XOM: summons 2 hostile demons
  8166 | D:1      | Noticed a neqoxec
  8468 | D:2      | XOM: give mutation
  8468 | D:2      | Gained mutation: You expend magic power (3 MP) to
                  | strengthen your wands. [Xom's grace]
  8739 | D:1      | XOM: scenery: 1 doors close
  8927 | D:1      | XOM: scenery: 1 doors open
  9160 | D:1      | XOM is BORED!
  9282 | D:1      | XOM: silly message
  9594 | D:1      | XOM: cloud trail
 10003 | D:1      | XOM: give mutations
 10003 | D:1      | Gained mutation: Your flesh is cold resistant. (rC+) [Xom's
                  | mischief]
 10003 | D:1      | Lost mutation: You expend magic power (3 MP) to strengthen
                  | your wands. [Xom's mischief]
 10003 | D:1      | Lost mutation: One of your tentacles bears a nasty spike.
                  | [Xom's mischief]
 10003 | D:1      | Gained mutation: You occasionally shout uncontrollably at
                  | your foes. [Xom's mischief]
 10032 | D:2      | Reached skill level 1 in Stealth
 10032 | D:2      | Reached XP level 3. HP: 23/23 MP: 3/3
 10045 | D:2      | XOM: scenery: 1 doors open
 10078 | D:2      | XOM: snakes to sticks
 10130 | D:2      | XOM: scenery: summon butterflies
 10186 | D:2      | Noticed an ogre
 10194 | D:2      | Killed an ogre
 10195 | D:2      | Reached skill level 3 in Stealth
 10195 | D:2      | Reached skill level 1 in Shapeshifting
 10195 | D:2      | Reached XP level 4. HP: 29/29 MP: 4/4
 10195 | D:2      | Reached XP level 5. HP: 33/33 MP: 5/5
 10307 | D:2      | XOM: give mutations
 10307 | D:2      | Gained mutation: You have hidden genetic potential. [Xom's
                  | grace]
 10307 | D:2      | Lost mutation: You have hidden genetic potential. [Xom's
                  | grace]
 10307 | D:2      | Gained mutation: You are somewhat resistant to further
                  | mutation. [Xom's grace]
 10307 | D:2      | Gained mutation: You passively dampen the noise of your
                  | surroundings. [Xom's grace]
 10338 | D:2      | Found a bloodstained altar of Trog.
 10442 | D:2      | XOM: scenery: create altars
 10512 | D:2      | XOM: give mutation
 10512 | D:2      | Gained mutation: You expend magic power (3 MP) to
                  | strengthen your wands. [Xom's grace]
 10863 | D:3      | XOM: give mutations
 10863 | D:3      | Gained mutation: You passively map a small area around you.
                  | [Xom's grace]
 10863 | D:3      | Gained mutation: Your spells are a little harder to cast,
                  | but a little more powerful. [Xom's grace]
 10886 | D:3      | XOM: god gift: wand of paralysis (3)
 10988 | D:3      | Reached skill level 4 in Stealth
 11066 | D:3      | Found a shadowy altar of Dithmenos.
 11236 | D:4      | Noticed Ijyb
 11241 | D:4      | Killed Ijyb
 11242 | D:4      | Reached XP level 6. HP: 38/38 MP: 6/6
 11289 | D:4      | XOM: cloud trail
 11308 | D:4      | Found a glowing drain.
 11369 | Sewer    | Entered a sewer
 11567 | Sewer    | XOM: polymorph bullfrog -> jelly
 11613 | Sewer    | Reached skill level 1 in Evocations
 11749 | D:4      | Found Dahyla's General Store.
 11772 | D:4      | Bought a scroll of vulnerability for 48 gold pieces
 11772 | D:4      | Bought a potion of lignification for 36 gold pieces
 11787 | D:4      | Reached skill level 5 in Stealth
 11927 | D:4      | Reached XP level 7. HP: 24/43 MP: 7/7
 12047 | D:4      | Found an opulent altar of Gozag.
 12131 | D:4      | Found Humoj's Armour Boutique.
 12213 | D:4      | XOM: butterfly on damage
 12219 | D:4      | XOM: chaos cloud
 12352 | D:4      | Identified a scroll of acquirement
 12352 | D:4      | Acquired 813 gold pieces
 12368 | D:4      | XOM: give mutation
 12368 | D:4      | Lost mutation: You are somewhat resistant to further
                  | mutation. [Xom's mischief]
 12372 | D:5      | Entered Level 5 of the Dungeon
 12395 | D:5      | XOM: polymorph white imp -> iron imp
 12403 | D:5      | Found a staircase to the Ecumenical Temple.
 12415 | D:5      | Reached skill level 6 in Stealth
 12417 | D:5      | Slain by an ogre

Illustrated notes

Levels and vault maps discovered:
D:1:      wander_arrival_desolate, layout_basic,
          dreamdust_ecumenical_altar_grove
D:2:      layout_basic, basic_altar
D:3:      layout_rooms, nicolae_dithmenos_through_a_glass_darkly
D:4:      layout_loops_ring, mainiacjoe_overflow_24_doors, serial_shops,
          nicolae_shop_back_alley_shop, shop, gup_sewer_entry_glass, uniq_ijyb
D:5:      nicolae_BIG_FREAKIN_CUBE, layout_loops_ring,
          minmay_temple_entry_large_hall, minivault_5, uniq_sigmund,
          uniq_eustachio

Skill      XL: |  1  2  3  4  5  6  7 |
---------------+----------------------+-----
Stealth        | 1 3 4 5 6 |  6.0
Shapeshifting  | 1 2 |  2.6
Short Blades   | 4 |  4.8
Dodging        | 3 |  3.2
Fighting       | 4 |  4.2
Evocations     | 1 2 |  2.1

Action                     |  1- 3 |  4- 6 |  7- 9 || total
---------------------------+-------+-------+-------++-------
  Melee: Short sword       |    53 |   132 |    19 ||   204
         Tentacles         |    13 |    26 |     6 ||    45
         Constrict         |    11 |    36 |     2 ||    49
         Kick              |     5 |    44 |     6 ||    55
         Punch             |     1 |     2 |       ||     3
  Evoke: Wand              |       |       |     1 ||     1
    Use: Scroll            |       |     4 |     2 ||     6
         Potion            |       |     1 |       ||     1
   Stab: Sleeping          |     3 |    12 |     1 ||    16
         Paralysed         |       |       |     1 ||     1
 Armour: Skin              |    15 |    38 |     9 ||    62
  Dodge: Dodged            |    27 |    67 |     9 ||   103

Table legend: (Time is in decaauts)
 A = Elapsed time spent in this place.
 B = Non-inter-level travel time spent in this place.
 C = Inter-level travel time spent in this place.
 D = Time resting spent in this place.
 E = Time spent auto-exploring this place.
 F = Levels seen in this place.
 G = Mean time per level.
                   A        B        C        D        E       F      G
               +--------+--------+--------+--------+--------+-----+--------+
         Total |  12377 |  12305 |     72 |   9549 |   2082 |   6 | 2062.8 |
       Dungeon |  12056 |  11984 |     72 |   9549 |   1887 |   5 | 2411.2 |
         Sewer |    321 |    321 |      0 |      0 |    195 |   1 |  321.0 |
               +--------+--------+--------+--------+--------+-----+--------+

Top non-repeatable levels by time:
     D:1: 8876 daAuts
     D:2: 1709 daAuts
     D:4: 845 daAuts
     D:3: 581 daAuts
   Sewer: 321 daAuts
     D:5: 43 daAuts
